 Dungeon Crawl Stone Soup version 0.26-a0-852-g6321bf7485 (webtiles) character file.

Game seed: 17758931794361368432

807 marklar909 the Ruffian (level 7, -3/67 HPs)
             Began as a Troll Monk on Nov 22, 2020.
             Splashed by Ijyb's acid (16 damage)
             ... on level 5 of the Dungeon.
             The game lasted 00:03:31 (3392 turns).

marklar909 the Ruffian (Troll Monk)                 Turns: 3392, Time: 00:03:31

Health: -3/67      AC:  6    Str: 21    XL:     7   Next: 60%
Magic:  6/6        EV: 11    Int:  6    God:
Gold:   140        SH:  0    Dex: 13    Spells: 6/6 levels left

rFire    . . .     SeeInvis .     - Unarmed
rCold    . . .     Faith    .   (no shield)
rNeg     . . .     Spirit   .   a - +0 robe
rPois    +         Reflect  .   (helmet restricted)
rElec    .         Harm     .   (no cloak)
rCorr    .         Rampage  .   (gloves unavailable)
MR       .....                  (boots unavailable)
Stlth    +.........             (no amulet)
HPRegen  0.61/turn              l - ring of poison resistance
MPRegen  0.10/turn              d - +4 ring of slaying

@: confused
A: large, unfitting armour, claws 3, regeneration 1, shaggy fur 1, tough skin 3
a: no special abilities


You were on level 5 of the Dungeon.
You visited 1 branch of the dungeon, and saw 7 of its levels.

You collected 309 gold pieces.
You spent 169 gold pieces at shops.

Inventory:

Armour
 a - a +0 robe (worn)
 u - a +0 kite shield
Jewellery
 d - a +4 ring of slaying (right claw)
 i - an uncursed ring of flight
 l - a ring of poison resistance (left claw)
Wands
 s - a wand of iceblast (13)
Scrolls
 c - 2 scrolls of remove curse
 g - a scroll of fear
 j - a scroll of fog {unknown}
 k - 2 scrolls of magic mapping
 m - a scroll of identify
 q - a scroll of enchant armour {unknown}
 r - a scroll of amnesia {unknown}
Potions
 b - 2 potions of lignification
 e - a potion of magic {unknown}
 f - a potion of flight {unknown}
 h - 2 potions of curing {unknown}
 n - a potion of mutation {unknown}
 o - 2 potions of attraction {unknown}
 p - a potion of berserk rage {unknown}
 t - a potion of degeneration {unknown}
 v - a potion of haste {unknown}


   Skills:
 + Level 3.2 Fighting
 + Level 3.9 Dodging
 + Level 2.3 Stealth
 + Level 7.0 Unarmed Combat


You had 6 spell levels left.
You didn't know any spells.
Your spell library contained the following spells:

 Spells                   Type           Power        Failure   Level
 Shock                    Conj/Air       #...         45%         1
 Swiftness                Air            #.......     58%         2
 Static Discharge         Conj/Air       #.......     83%         3
 Airstrike                Air            #.........   99%         4
 Lightning Bolt           Conj/Air       #.........   100%        5


Dungeon Overview and Level Annotations

Branches:
Dungeon (7/15)
 Temple: D:4-7

Altars:

Shops:
D:4 *

Annotations:
D:5 Ijyb


Innate Abilities, Weirdness & Mutations

You are too large for most types of armour.
You have claws for hands.
Your natural rate of healing is unusually fast.
You are covered in fur. (AC +1)
You have extremely tough skin. (AC +3)


Message History

Reactivating autopickup.
You feel a bit more experienced. The bolt of acid hits you!!
You are splashed with acid!
You claw the orc!
You kill the orc!
Ijyb zaps a wand.
The bolt of acid misses you.
You see here a +0 mace.
Evoke which item? (* to show all) (? for menu, Esc to quit)
You're too confused!
Unknown command.
Evoke which item? (* to show all) (? for menu, Esc to quit)
Okay, then.
Okay, then.
You're too confused!
Unknown command.
You're too confused to move!
You bump into the rock wall.
Ijyb zaps a wand.
The bolt of acid hits you!
* * * LOW HITPOINT WARNING * * *
You are splashed with acid!
You die...

##########
#.........
#.#######.
######### #.#
#.
#.o.g@..#####.#
##.
#)#####.......#
#.. #.#
#.####.## #..
#....o# #.# #.#
#.. #.#.##.#
#.# #.# ### #
#.# #.# #.# ...
..# #.# ### ###
#.. ###


You could see Ijyb and an orc.

Vanquished Creatures
  A sky beast (D:2)
  2 phantoms (D:4)
  Blork the orc (D:5)
  2 bullfrogs
  A howler monkey (D:5)
  A bullfrog skeleton (D:5)
  3 orc wizards
  2 worker ants
  A hound zombie (D:7)
  A hound skeleton (D:5)
  4 adders
  2 oozes
  2 adder skeletons (D:4)
  A worm (D:3)
  2 leopard geckos
  12 orcs
  3 ball pythons
  2 giant cockroaches
  4 goblins
  7 hobgoblins
  4 jackals (D:4)
  4 quokkas
  4 bats
  13 frilled lizards
  A jackal skeleton (D:4)
  3 kobolds
  7 rats
90 creatures vanquished.

Vanquished Creatures (others)
  An orc wizard (D:5)
1 creature vanquished.

Grand Total: 91 creatures vanquished

Notes
Turn   | Place    | Note
-------+----------+-------------------------------------------
     0 | D:1      | marklar909 the Troll Monk began the quest for the Orb.
     0 | D:1      | Reached XP level 1. HP: 22/22 MP: 0/0
   122 | D:1      | Reached XP level 2. HP: 28/29 MP: 1/1
   690 | D:2      | Reached XP level 3. HP: 21/36 MP: 2/2
   822 | D:2      | Noticed a sky beast
   835 | D:2      | Killed a sky beast
   836 | D:2      | Reached skill level 4 in Unarmed Combat
   836 | D:2      | Reached XP level 4. HP: 39/44 MP: 3/3
   908 | D:2      | Reached XP level 5. HP: 51/52 MP: 4/4
  1549 | D:3      | Reached skill level 5 in Unarmed Combat
  1609 | D:3      | Reached XP level 6. HP: 47/61 MP: 5/5
  2473 | D:4      | You fall into a shaft and drop 3 floors!
  2476 | D:7      | Noticed an orc warrior
  2523 | D:6      | Reached skill level 6 in Unarmed Combat
  2632 | D:5      | Entered Level 5 of the Dungeon
  2634 | D:5      | Reached XP level 7. HP: 67/67 MP: 6/6
  2749 | D:4      | Found Issaadi's Assorted Antiques.
  2768 | D:4      | Bought a kite shield for 121 gold pieces
  2768 | D:4      | Bought a pink potion for 24 gold pieces
  2768 | D:4      | Bought a viscous green potion for 24 gold pieces
  3197 | D:5      | Noticed Blork the orc
  3203 | D:5      | Killed Blork the orc
  3376 | D:5      | Noticed Ijyb
  3384 | D:5      | Reached skill level 7 in Unarmed Combat
  3392 | D:5      | Splashed by Ijyb's acid

Illustrated notes

Levels and vault maps discovered:
D:1:      minmay_arrival_semitransparent, layout_basic, nrook_uturn,
          minmay_lizard_pond
D:2:      layout_basic
D:3:      layout_loops_ring
D:4:      layout_basic, serial_shops, kennysheep_mini
D:5:      layout_loops_ring, grunt_temple_overflow_diamond, uniq_blork_the_orc,
          uniq_ijyb
D:6:      cheibrodos_thug_alley, layout_gridville,
          minmay_temple_entry_sparse_star, serial_shops, shop,
          ebering_ghost_disaster_area
D:7:      layout_loops_ring, amethyst_overflow_temple_binary

Skill      XL: |  1  2  3  4  5  6  7 |
---------------+----------------------+-----
Dodging        | 3 |  3.9
Unarmed Combat | 4 5 6 7 |  7.0
Fighting       | 3 |  3.2
Stealth        | 2 |  2.3

Action                   |  1- 3 |  4- 6 |  7- 9 || total
-------------------------+-------+-------+-------++-------
Melee: Unarmed           |    71 |   107 |    45 ||   223
       Punch             |       |     6 |     2 ||     8
  Use: Scroll            |       |     4 |     3 ||     7
       Potion            |       |     1 |       ||     1
 Stab: Sleeping          |     2 |     4 |       ||     6
Armor: Robe              |    39 |    27 |    15 ||    81
       Skin              |       |     1 |       ||     1
Dodge: Dodged            |    42 |    52 |    19 ||   113

Table legend: (Time is in decaauts)
 A = Elapsed time spent in this place.
 B = Non-inter-level travel time spent in this place.
 C = Inter-level travel time spent in this place.
 D = Time resting spent in this place.
 E = Time spent auto-exploring this place.
 F = Levels seen in this place.
 G = Mean time per level.
                   A        B        C        D        E       F      G
               +--------+--------+--------+--------+--------+-----+--------+
         Total |   3369 |   3228 |    141 |    158 |   2515 |   7 |  481.3 |
       Dungeon |   3369 |   3228 |    141 |    158 |   2515 |   7 |  481.3 |
               +--------+--------+--------+--------+--------+-----+--------+

Top non-repeatable levels by time:
     D:4: 880 daAuts
     D:3: 734 daAuts
     D:2: 674 daAuts
     D:1: 615 daAuts
     D:5: 307 daAuts
     D:6: 142 daAuts
     D:7: 14 daAuts
